cohdb
Replays
Latest Replays
All Replays
Popular Replays
Top Player Replays
Match Explorer
How It Works
Community
CoH3 Stats
Reddit
Sign in to upload your games and track your stats! →
Sign in with Steam
Match 20147035
Unlisted
Match 20147035
Overview
Messages
Build Orders
End
Scout Squad
Construct Weapon Support Center
Bazooka Squad
Sniper
Engineer Squad
Infantry Support Center
Construct Medical Station
Construct Tank Depot
Selects Special Operations Battlegroup
Selects M29 Weasel with M1 Pack Howitzer
Selects P-47 Anti-Infantry Loiter
M4A1 Sherman Medium Tank
Selects Raiding Flares
M18 Hellcat Tank Destroyer
Selects SSF Commando Squad
SSF Commando Squad
Raiding Flares
M29 Weasel with M1 Pack Howitzer
M18 Hellcat Tank Destroyer
SSF Commando Squad
AI Takeover
AthaGeoGR
juniorbokka
Mint Juul Pod
MonoChrome
0
0
Comments
sign in to comment!
No comments posted yet!